 Dungeon Crawl Stone Soup version 0.27.1-34-g3ba077fa99 (webtiles) character file.

Game seed: 9941536762962388567

811 Atelerd the Digger (level 7, 0/41 HPs)
             Began as an Octopode Earth Elementalist on Jan 4, 2022.
             Slain by a sky beast (6 damage)
             ... on level 5 of the Dungeon.
             The game lasted 00:06:04 (6318 turns).

Atelerd the Digger (Octopode Earth Elementalist)    Turns: 6318, Time: 00:06:05

Health: 0/41       AC:  1    Str:  7    XL:     7   Next: 93%
Magic:  13/13      EV: 13    Int: 20    God:
Gold:   126        SH:  0    Dex: 12    Spells: 7/14 levels left

rFire    . . .     SeeInvis .   e - +0 short sword
rCold    . . .     Faith    .   (no shield)
rNeg     . . .     Spirit   .   (helmet restricted)
rPois    .         Reflect  .   (no amulet)
rElec    .         Harm     .   (no ring)
rCorr    .         Rampage  .   (no ring)
Will     .....                  (no ring)
Stlth    ++++......             (no ring)
HPRegen  0.13/turn              (no ring)
MPRegen  0.13/turn              (no ring)
                                (no ring)
                                (no ring)

@: brilliant, about to teleport
A: almost no armour, amphibious, 8 rings, camouflage 1, gelatinous body 1,
(nimble swimmer 1), tentacles
a: no special abilities


You were on level 5 of the Dungeon.
You visited 1 branch of the dungeon, and saw 5 of its levels.

You collected 126 gold pieces.

Inventory:

Hand Weapons
 e - a +0 short sword (weapon)
Missiles
 b - 28 stones
Wands
 r - a wand of polymorph (4)
 u - a wand of paralysis (6)
Scrolls
 a - a scroll of holy word {unknown}
 c - a scroll of acquirement {unknown}
 f - a scroll of amnesia {unknown}
 h - a scroll of blinking {unknown}
 m - a scroll of enchant armour {unknown}
 o - a scroll of immolation {unknown}
 q - 4 scrolls of identify {unknown}
 s - 3 scrolls of brand weapon {unknown}
 v - a scroll of noise {unknown}
Potions
 d - 4 potions of heal wounds {unknown}
 i - a potion of berserk rage {unknown}
 j - a potion of brilliance
 k - 2 potions of curing
 l - a potion of invisibility
 n - a potion of flight {unknown}
 p - 2 potions of haste {unknown}
 t - a potion of degeneration {unknown}
 w - a potion of attraction {unknown}


   Skills:
 - Level 2.0 Short Blades
 - Level 2.0 Dodging
 - Level 5.0 Stealth
 + Level 4.3 Spellcasting
 - Level 2.0 Translocations
 - Level 3.0 Transmutations
 - Level 6.0 Earth Magic


You had 7 spell levels left.
You knew the following spells:

 Your Spells              Type           Power      Damage    Failure   Level
a - Sandblast             Erth           84%        2d18      1%          1
c - Blink                 Tloc           N/A        N/A       9%          2
p - Petrify               Tmut/Erth      33%        N/A       21%         4

Your spell library contained the following spells:

 Spells                   Type           Power      Damage    Failure   Level
 Passwall                 Tmut/Erth      27%        N/A       3%          2
 Stone Arrow              Conj/Erth      48%        3d10      11%         3
 Foxfire                  Conj/Fire      24%        2x1d5     13%         1
 Slow                     Hex            6%         N/A       19%         2
 Confusing Touch          Hex            6%         N/A       36%         3
 Conjure Flame            Conj/Fire      6%         6-21      36%         3
 Inner Flame              Hex/Fire       6%         N/A       36%         3
 Manifold Assault         Tloc           18%        N/A       83%         5
 Yara's Violent Unravell  Hex/Tmut       7%         3d5       88%         5
 Fireball                 Conj/Fire      3%         3d4       98%         5
 Iskenderun's Battlesphe  Conj           6%         2d6       98%         5
 Conjure Ball Lightning   Conj/Air       3%         3x3d6     100%        6
 Orb of Destruction       Conj           3%         9d1       100%        7
 Storm Form               Tmut/Air       7%         N/A       100%        7


Dungeon Overview and Level Annotations

Branches:
Dungeon (5/15)             Temple (0/1) D:5

Altars:

Annotations:
D:2 Terence
D:3 1 runed translucent door, exclusion: 2 downstairs, Crazy Yiuf
D:5 1 transporter


Innate Abilities, Weirdness & Mutations

You cannot wear most types of armour.
You are amphibious.
You can wear up to eight rings at the same time.
Your skin changes colour to match your surroundings (Stealth+).
Your rubbery body absorbs attacks. (AC +1, EV +1)
((You are camouflaged near water. (Stealth+)))
You have tentacles for arms and can constrict up to eight enemies at once.


Message History

The iguana is almost dead.
You constrict the iguana, but do no damage.
The iguana misses you.
The blast of sand hits the iguana!
You kill the iguana!
Training target 6.0 for Earth Magic reached!
Your Earth Magic skill increases to level 6!
w - a silvery potion
Found 5 gold pieces.
You now have 126 gold pieces (gained 5).
A sky beast comes into view.
A sky beast is nearby!
A sky beast is nearby!
The sky beast hits you. The sky beast shocks you.
You closely miss the sky beast. The sky beast barely misses you.
The blast of sand hits the sky beast.
The sky beast is lightly wounded.
The sky beast hits you. The sky beast shocks you.
You hit the sky beast but do no damage. You squeeze the sky beast.
The sky beast is lightly wounded.
The sky beast flickers out of sight!
Deactivating autopickup; reactivate with Ctrl-A.
Something hits you. Something shocks you.
You are too injured to fight recklessly!
A sky beast appears from thin air!
Reactivating autopickup.
You see here 32 stones.
As you read the scroll of teleportation, it crumbles to dust.
You feel strangely unstable. The sky beast hits you. The sky beast shocks you.
* * * LOW HITPOINT WARNING * * *
It was a potion of brilliance.
You feel clever all of a sudden. The sky beast hits you.
* * * LOW HITPOINT WARNING * * *
The sky beast shocks you.
* * * LOW HITPOINT WARNING * * *
It was a potion of curing.
You feel better. The sky beast hits you.
* * * LOW HITPOINT WARNING * * *
The sky beast shocks you.
You die...

#.. #..## ## #...##
.. #.. ..
##....###### .##
#.## #.#
###..........## #..
#..# #.#
#.............# ..
##..###.#
#..####.†.###..
###©##......# ##.##
##..# #©###.......#
##Y## ##.#
..Z.Z.).....####@.#
#..#
#.............#####
##..#
##..#####..####
###..## #..# ##.#
##...## #..# #.###
### #..### ##.##
#...####.####.#
##.## ##......>..#
#.#
##.####...#####..#
#.# ##.......##
##.###.#


You could see a sky beast.

Vanquished Creatures
  2 ogres (D:4)
  2 phantoms (D:5)
  2 scorpions
  A jelly (D:4)
  A bullfrog skeleton (D:4)
  A hound (D:3)
  2 iguanas
  2 orc wizards (D:4)
  8 adders
  A shadow imp (D:4)
  2 ufetubi (D:5)
  An adder skeleton (D:4)
  3 dart slugs
  12 orcs
  5 bats
  8 endoplasms
  3 giant cockroaches
  9 goblins
  7 hobgoblins
  2 jackals (D:4)
  6 kobolds
  3 quokkas
  5 ball pythons
  2 frilled lizards (D:3)
  6 rats
96 creatures vanquished.

Vanquished Creatures (others)
  A plant (D:1)
1 creature vanquished.

Grand Total: 97 creatures vanquished

Notes
Turn   | Place    | Note
-------+----------+-------------------------------------------
     0 | D:1      | Atelerd the Octopode Earth Elementalist began the quest for
                  | the Orb.
     0 | D:1      | Reached XP level 1. HP: 11/11 MP: 3/3
   413 | D:1      | Reached XP level 2. HP: 17/17 MP: 1/5
   468 | D:1      | Found a faded altar of an unknown god.
  1291 | D:1      | Reached XP level 3. HP: 8/21 MP: 1/6
  1919 | D:2      | Reached XP level 4. HP: 27/27 MP: 7/7
  1948 | D:2      | Noticed Terence
  2274 | D:3      | Found a runed translucent door.
  2275 | D:3      | Noticed Crazy Yiuf
  3036 | D:3      | Reached XP level 5. HP: 25/31 MP: 5/8
  3041 | D:3      | Learned a level 4 spell: Petrify
  3254 | D:4      | Noticed an ogre
  3301 | D:4      | Reached skill level 4 in Earth Magic
  3515 | D:4      | Reached skill level 5 in Stealth
  3597 | D:4      | Reached XP level 6. HP: 29/36 MP: 6/10
  4051 | D:4      | Reached skill level 1 in Short Blades
  4279 | D:4      | Reached skill level 5 in Earth Magic
  4313 | D:4      | Reached XP level 7. HP: 40/41 MP: 7/12
  4407 | D:4      | Learned a level 2 spell: Blink
  5139 | D:4      | Reached skill level 1 in Translocations
  5447 | D:5      | Entered Level 5 of the Dungeon
  5512 | D:5      | Found a staircase to the Ecumenical Temple.
  5732 | D:5      | Found a transporter.
  6214 | D:5      | Reached skill level 6 in Earth Magic
  6317 | D:5      | HP: 1/41 [sky beast (5)]
  6318 | D:5      | Slain by a sky beast

Illustrated notes

Levels and vault maps discovered:
D:1:      grunt_arrival_lava_bath, layout_basic,
          chequers_ecumenical_altar_simple_redux, serial_bayou,
          serial_bayou_pond_b, serial_bayou_lake_a, serial_bayou_ford_a,
          serial_bayou_pond_e
D:2:      layout_loops_ring, uniq_terence
D:3:      layout_loops_corners, uniq_crazy_yiuf_cottage
D:4:      minmay_razor_zed, layout_basic
D:5:      layout_layer_cave, temple_green, gammafunk_ghost_stat_death

Skill      XL: |  1  2  3  4  5  6  7 |
---------------+----------------------+-----
Stealth        | 3 4 5 |  5.0
Transmutations | 2 3 |  3.0
Earth Magic    | 4 5 6 |  6.0
Short Blades   | 1 2 |  2.0
Spellcasting   | 3 4 |  4.3
Translocations | 2 |  2.0
Dodging        | |  2.0

Action                   |  1- 3 |  4- 6 |  7- 9 || total
-------------------------+-------+-------+-------++-------
Melee: Unarmed           |    15 |       |       ||    15
       Constrict         |    10 |    15 |     8 ||    33
       Short sword       |    34 |    49 |    29 ||   112
       Tentacles         |     4 |     8 |     1 ||    13
 Cast: Sandblast         |    24 |    45 |    32 ||   101
       Petrify           |       |     1 |       ||     1
  Use: Scroll            |       |     1 |     1 ||     2
       Potion            |       |       |     2 ||     2
 Stab: Sleeping          |    10 |    13 |     3 ||    26
       Petrified         |       |     4 |       ||     4
Armor: Skin              |     7 |     1 |     1 ||     9
Dodge: Dodged            |    54 |    43 |    34 ||   131
